 Dungeon Crawl Stone Soup version 0.31.0-11-ge490571c62 (webtiles) character file.

Game seed: 12728683038891191670

195 Bobbunny the Trooper (level 5, -7/50 HPs)
             Began as a Minotaur Fighter on Feb 3, 2024.
             Blown up by Ijyb (10 damage)
             ... with a mindburst bolt
             ... on level 3 of the Dungeon.
             The game lasted 00:01:05 (1634 turns).

Bobbunny the Trooper (Minotaur Fighter)             Turns: 1634, Time: 00:01:06

Health: -7/50      AC: 10    Str: 23    XL:     5   Next: 45%
Magic:  4/4        EV: 10    Int:  5    God:
Gold:   101        SH:  4    Dex:  9    Spells: 4/4 levels left

rFire   . . .        a - +0 war axe
rCold   . . .        c - +0 buckler
rNeg    . . .        l - +4 ring mail
rPois   .            (helmet restricted)
rElec   .            b - +0 cloak
rCorr   .            (no gloves)
SInv    +            (no boots)
Will    .....        (no amulet) Stlth
                     e - ring of see invisible
HPRegen 0.28/turn    (no ring)
MPRegen 0.09/turn

%: no passive effects
@: no status effects
A: horns 2, retaliatory headbutt
a: no special abilities


You were on level 3 of the Dungeon.
You visited 1 branch of the dungeon, and saw 3 of its levels.

You collected 101 gold pieces.

Inventory:

Hand Weapons
 a - a +0 war axe (weapon)
Missiles
 m - 7 poisoned darts (quivered)
 p - 3 atropa-tipped darts
Armour
 b - a +0 cloak (worn)
 c - a +0 buckler (worn)
 l - a +4 ring mail (worn)
Jewellery
 e - a ring of see invisible (left hand)
Scrolls
 f - 2 scrolls of noise {unknown}
 h - a scroll of silence {unknown}
 i - a scroll of teleportation {unknown}
 o - a scroll of brand weapon {unknown}
 r - 2 scrolls of identify {unknown}
Potions
 d - a potion of might
 g - a potion of ambrosia {unknown}
 j - a potion of attraction {unknown}
 k - a potion of degeneration {unknown}
 n - 2 potions of curing {unknown}
 q - a potion of haste {unknown}


   Skills:
 + Level 5.9 Fighting
 + Level 5.2 Axes
 - Level 3.6 Armour
 - Level 3.6 Shields


You had 4 spell levels left.
You didn't know any spells.
Your spell library contained the following spells:

 Spells                   Type           Power      Damage    Failure   Level
 Cigotuvi's Dreadful Rot  Necr/Alch/Air  0%         N/A       83%         2
 Dispel Undead            Necr           0%         3d6       100%        4
 Martyr's Knell           Necr/Summ      0%         N/A       100%        4
 Death Channel            Necr           0%         N/A       100%        6


Dungeon Overview and Level Annotations

Branches:
Dungeon (3/15)

Altars:
Ashenzari

Shops:
D:2 :

Annotations:
D:3 Ijyb


Innate Abilities, Weirdness & Mutations

You have a pair of horns on your head.
You reflexively headbutt those who attack you in melee.


Message History

No target in view!
No target in view!
No target in view!
No target in view!
No target in view!
No target in view!
No target in view!
No target in view!
No target in view!
No target in view!
No target in view!
You feel sick.
You feel sick.
You feel sick.
You feel sick.
You feel sick.
You feel sick.
You are no longer poisoned.
HP restored.
You see here a scorpion corpse.
Ijyb the Twisted Goblin comes into view.
She is wielding a +0 club and carrying a wand of mindburst.
Ijyb shouts!
Ijyb moves out of view.
Ijyb zaps a wand.
Your mind is blasted!
Ijyb is nearby!
Ijyb is nearby!
Ijyb is nearby!
Ijyb zaps a wand.
Your mind is blasted!
Found a ring mail.
Ijyb zaps a wand.
Your mind is blasted!
You are too injured to fight recklessly!
You are too injured to fight recklessly!
Ijyb hits you with a +0 club.
You slash Ijyb! You headbutt Ijyb.
Ijyb is severely wounded.
Ijyb zaps a wand.
Your mind is blasted!
* * * LOW HITPOINT WARNING * * *
You hit Ijyb.
Ijyb is almost dead.
Ijyb zaps a wand.
Your mind is blasted!
You die...

..#........#
#...#....#
#.....###..##
⌠.##+##.⌠..†###
.........#....#
........###.#.#
#.......#...#.#
+.[._...+...+ #
#......@....#
#.....g.###.#
......... ....
⌠.##+.#.⌠#.....
# ...####.#.###
#... .# #.. ###


You could see Ijyb.

Vanquished Creatures
  A phantom (D:2)
  A scorpion (D:3)
  3 adders (D:2)
  A dart slug (D:1)
  3 endoplasms
  A giant cockroach (D:2)
  3 goblins (D:1)
  2 hobgoblins (D:1)
  3 jackals (D:2)
  A quokka (D:2)
  5 ball pythons
  4 bats (D:1)
  A frilled lizard (D:1)
  5 kobolds
  2 rats
36 creatures vanquished.

Notes
Turn   | Place    | Note
-------+----------+-------------------------------------------
     0 | D:1      | Bobbunny the Minotaur Fighter began the quest for the Orb.
     0 | D:1      | Reached XP level 1. HP: 19/19 MP: 0/0
   131 | D:1      | Reached XP level 2. HP: 27/27 MP: 1/1
   880 | D:2      | Reached XP level 3. HP: 34/34 MP: 2/2
   917 | D:2      | Noticed a walking frostbound tome
   919 | D:2      | Found Kaos's Book Shoppe.
   921 | D:2      | Noticed a walking frostbound tome
  1080 | D:2      | Noticed a phantom
  1088 | D:2      | Killed a phantom
  1089 | D:2      | Reached skill level 5 in Fighting
  1089 | D:2      | Reached XP level 4. HP: 37/42 MP: 3/3
  1193 | D:2      | Reached XP level 5. HP: 48/48 MP: 4/4
  1575 | D:3      | Found a broken altar of Ashenzari.
  1583 | D:3      | Reached skill level 5 in Axes
  1627 | D:3      | Noticed Ijyb
  1633 | D:3      | HP: 2/50 [disintegration (17)]
  1634 | D:3      | Blown up by Ijyb

Illustrated notes

Levels and vault maps discovered:
D:1:      sevenhm_arrival_forest_fort_small_4, layout_loops_ring,
          minmay_misc_feat_nine_boxes
D:2:      layout_basic, serial_shops, nicolae_shop_mannequins,
          nicolae_hexahallways
D:3:      layout_loops_ring, evilmike_ruin_ashenzari, uniq_ijyb

Skill      XL: |  1  2  3  4  5 |
---------------+----------------+-----
Fighting       | 4 5 |  5.9
Axes           | 3 4 5 |  5.2
Armour         | |  3.6
Shields        | |  3.6

Action                     |  1- 3 |  4- 6 || total
---------------------------+-------+-------++-------
  Melee: War axe           |    59 |    31 ||    90
         Headbutt          |     8 |     5 ||    13
 Armour: Scale mail        |    10 |       ||    10
         Ring mail         |    32 |    21 ||    53
  Dodge: Dodged            |    27 |    16 ||    43
  Block: Buckler           |     6 |     4 ||    10
